cohdb
Replays
Latest Replays
All Replays
Popular Replays
Top Player Replays
Match Explorer
How It Works
Community
CoH3 Stats
Reddit
Sign in to upload your games and track your stats! →
Sign in with Steam
Match 43899689
Unlisted
Match 43899689
Overview
Messages
Build Orders
End
Royal Engineer Section
Selects Indian Artillery Battlegroup
Construct Section Command Post
Infantry Section
ML 3-inch Mortar Team
Selects Towed ML 4.2-inch Heavy Mortar
Vickers Machine Gun Team
Construct Platoon Command Post
Unlock M3 Stuart Light Tanks
M3 Stuart Light Tank
6-pounder Anti-tank Gun Team
M3 Stuart Light Tank
Selects Off-map Airburst Barrage
M3 Stuart Light Tank
Off-map Airburst Barrage
Light Vehicle Training
M3 Stuart Light Tank
Selects Perimeter Monitor
Construct Company Command Post
Unlock Towed 17-pounder Anti-tank Guns
Selects War Cry
Selects Gurkha Rifles Section
War Cry
robwarrior
imba ☯
Grisllaume
endow3
Eaglestrike777
prex644
0
0
Comments
sign in to comment!
No comments posted yet!